[Event "Sunday 22 April Rapid Engine Tour 12+1 Rounds 9 Starts 1600ST"]
[Site "Infinity Chess"]
[Date "2018.4.22"]
[Round "9"]
[White "IronMan"]
[Black "MarioDeMonti"]
[Result "1/2-1/2"]
[ECO "E60"]
[WhiteElo "2446"]
[BlackElo "2472"]
[WhiteEngine "Eman 170b23-EXP3"]
[BlackEngine "stockfish_x64_bmi2_2018_02_18_CTG"]
[EventType "Swiss"]
[WhiteTeam ""]
[BlackTeam ""]
[PlyCount "89"]
[TimeControl "720+1"]

1. d4 Nf6 2. c4 g6 3. Nf3 d6 4. Nc3 Bg7 5. e4 O-O 6. Be2 e5 7. O-O Nc6 8. d5 Ne7 
9. Re1 Nh5 10. Bd2 f5 11. Rc1 Nf6 12. Bd3 Nxe4 13. Nxe4 fxe4 14. Bxe4 Nf5 
15. Ng5 Bf6 16. Ne6 Bxe6 17. dxe6 c6 18. Bxf5 gxf5 19. Bb4 c5 20. Qd5 Qe7 
21. Bc3 Rad8 22. f4 Rfe8 23. Rcd1 Qxe6 24. Qxe6+ Rxe6 25. fxe5 dxe5 
26. Rxd8+ Bxd8 27. Rxe5 Rxe5 28. Bxe5 Kf7 29. Bf4 Bf6 30. b3 Bd4+ 31. Kf1 Kf6 
32. Bc7 Be5 33. Bd8+ Ke6 34. g3 Bf6 35. Bc7 Be5 36. Bd8 Bf6 37. Bc7 Be5 
38. Ba5 Bd4 39. Ke2 Ke5 40. Kf3 Bg1 41. Bc3+ Bd4 42. Bd2 Bg1 43. Bc3+ Bd4 
44. Be1 Bg1 45. Bc3+ 1/2-1/2

[Event "Sunday 22 April Rapid Engine Tour 12+1 Rounds 9 Starts 1600ST"]
[Site "Infinity Chess"]
[Date "2018.4.22"]
[Round "9"]
[White "Katzenmaier"]
[Black "angriff"]
[Result "1/2-1/2"]
[ECO "A20"]
[WhiteElo "2505"]
[BlackElo "2394"]
[WhiteEngine "Raubfisch ME262_GTZ17a."]
[BlackEngine "DracoREX 3.07 64BIT POPCNT_CTG"]
[EventType "Swiss"]
[WhiteTeam ""]
[BlackTeam ""]
[PlyCount "93"]
[TimeControl "720+1"]

1. c4 e5 2. e3 Nf6 3. Nc3 Nc6 4. Nf3 Bb4 5. Qc2 O-O 6. Nd5 Re8 7. Ng5 g6 
8. Nxf6+ Qxf6 9. Ne4 Qg7 10. a3 Be7 11. h4 h5 12. g3 d6 13. d3 Nd8 14. Bg2 f5 
15. Nc3 c6 16. Ne2 Bf6 17. Bd2 Bd7 18. Bb4 Nf7 19. Rc1 a5 20. Bd2 Nh6 21. e4 Ng4 
22. f3 Nh6 23. Bh3 Kh7 24. Bg5 Bd8 25. Qd2 Bb6 26. Kd1 a4 27. Nc3 Be6 
28. Kc2 Ba5 29. Kb1 Rab8 30. Qd1 b5 31. cxb5 cxb5 32. Nd5 Bxd5 33. exd5 Qb7 
34. b4 axb3 35. g4 hxg4 36. fxg4 Nxg4 37. Bxg4 fxg4 38. Qxg4 Qxd5 39. Rcd1 Bd2 
40. Rh3 Bf4 41. h5 Qc6 42. hxg6+ Kg7 43. Rh7+ Kg8 44. Rh8+ Kg7 45. Rh7+ Kg8 
46. Rh8+ Kg7 47. Rh7+ 1/2-1/2

[Event "Sunday 22 April Rapid Engine Tour 12+1 Rounds 9 Starts 1600ST"]
[Site "Infinity Chess"]
[Date "2018.4.22"]
[Round "9"]
[White "SkyPilot"]
[Black "MedusaV3"]
[Result "1/2-1/2"]
[ECO "C55"]
[WhiteElo "2471"]
[BlackElo "2404"]
[WhiteEngine "stockfish_x64_bmi2_2018_04_07_CTG"]
[BlackEngine "Eman 1.70-beta23 64-bit BMI2_CTG"]
[EventType "Swiss"]
[WhiteTeam ""]
[BlackTeam ""]
[PlyCount "124"]
[TimeControl "720+1"]

1. e4 e5 2. Nf3 Nc6 3. Bc4 Nf6 4. d3 Bc5 5. c3 d6 6. O-O a5 7. Re1 O-O 
8. Nbd2 a4 9. Bb5 Bd7 10. Nf1 Ng4 11. Re2 Ra5 12. Bxc6 Bxc6 13. h3 Nf6 
14. Ng3 Bb6 15. Qc2 Re8 16. Be3 Bxe3 17. Rxe3 Nd7 18. d4 Nf8 19. d5 Bd7 
20. c4 Ng6 21. Ra3 Nf4 22. Ne2 Qf6 23. Nxf4 Qxf4 24. Nd2 Qg5 25. Kh1 Qh4 
26. Nf1 Rf8 27. Rf3 g6 28. Ng3 b6 29. Kg1 Raa8 30. Rf1 f6 31. Ra3 Rae8 
32. Qd2 Re7 33. Qe3 f5 34. exf5 gxf5 35. f4 Rg7 36. Qf2 Kh8 37. Ne2 Qf6 
38. Rc1 h5 39. Rg3 Rxg3 40. Nxg3 Rg8 41. b3 h4 42. Nf1 e4 43. Kh2 Kg7 44. b4 Rb8 
45. Ne3 Kf7 46. Kh1 Qh8 47. Rg1 Rg8 48. c5 Rg3 49. Nf1 Rd3 50. cxd6 cxd6 
51. Qxb6 Qf6 52. b5 Ke7 53. Qf2 Bxb5 54. Ne3 Rc3 55. Kh2 Bd7 56. Rb1 Rc7 
57. Rb8 Kf7 58. a3 Rc1 59. Nc2 Qg6 60. Ne3 Qf6 61. Qe2 Qg6 62. Qf2 Qf6 1/2-1/2

[Event "Sunday 22 April Rapid Engine Tour 12+1 Rounds 9 Starts 1600ST"]
[Site "Infinity Chess"]
[Date "2018.4.22"]
[Round "9"]
[White "Gilgamesch"]
[Black "Marsell"]
[Result "1/2-1/2 "]
[ECO "C55"]
[WhiteElo "2483"]
[BlackElo "2473"]
[WhiteEngine "BrainFish_180408_x64_bmi2"]
[BlackEngine "BrainFish_180418_x64_bmi2"]
[EventType "Swiss"]
[WhiteTeam ""]
[BlackTeam ""]
[PlyCount "168"]
[TimeControl "720+1"]

1. e4 e5 2. Nf3 Nc6 3. Bc4 Nf6 4. d3 Bc5 5. c3 d6 6. O-O O-O 7. h3 a6 8. Re1 Ba7 
9. a4 h6 10. Nbd2 Nh5 11. Nf1 Qf6 12. N1h2 Qg6 13. g4 Be6 14. Bb3 Nf6 
15. Nh4 Qh7 16. N2f3 g6 17. Kg2 Rae8 18. a5 Qg7 19. Bd2 Kh8 20. Qc2 d5 
21. exd5 Nxd5 22. d4 g5 23. Nf5 Bxf5 24. Qxf5 Nde7 25. Qd7 Ng6 26. Bc2 Re7 
27. Qd5 exd4 28. Bxg6 fxg6 29. Rxe7 Qxe7 30. cxd4 Kh7 31. Bc3 Qd6 32. Qxd6 cxd6 
33. Re1 d5 34. b4 Rd8 35. Rb1 Kg8 36. b5 axb5 37. Rxb5 Rd7 38. Rb2 Kf7 
39. Ra2 Rd8 40. Ra1 Re8 41. Rb1 Re7 42. Rb5 Ke6 43. h4 gxh4 44. Nxh4 Rg7 
45. Nf3 g5 46. Rb2 Rf7 47. Kg3 Re7 48. Rb5 Rf7 49. Rb3 Bb8+ 50. Kg2 Ba7 
51. Rb5 Rf4 52. Rxb7 Rxg4+ 53. Kf1 Rf4 54. Ke2 g4 55. Ne5 Nxd4+ 56. Bxd4 Bxd4 
57. Nd3 Re4+ 58. Kf1 Kd6 59. Rh7 Kc6 60. a6 Kb6 61. a7 Re8 62. Nf4 Ra8 
63. Nxd5+ Kc5 64. Rxh6 Kxd5 65. Rg6 Rxa7 66. Rxg4 Bf6 67. Rf4 Be5 68. Rf5 Ke4 
69. Rf8 Ba1 70. Re8+ Kf3 71. Re3+ Kf4 72. Re8 Bf6 73. Rf8 Kg5 74. Kg2 Ba1 
75. Rd8 Rg7 76. Kf1 Bf6 77. Rd5+ Kf4 78. Ra5 Ba1 79. Ra4+ Kf3 80. Rxa1 Rb7 
81. Ra3+ Kg4 82. Kg2 Re7 83. Ra4+ Kf5 84. Ra5+ Ke4 1/2-1/2

[Event "Sunday 22 April Rapid Engine Tour 12+1 Rounds 9 Starts 1600ST"]
[Site "Infinity Chess"]
[Date "2018.4.22"]
[Round "9"]
[White "star99"]
[Black "Thinker"]
[Result "1/2-1/2 "]
[ECO "C26"]
[WhiteElo "2498"]
[BlackElo "2449"]
[WhiteEngine "Cryptic Heroes 9.4B"]
[BlackEngine "stockfish_18041820_x64_modern_CTG"]
[EventType "Swiss"]
[WhiteTeam ""]
[BlackTeam ""]
[PlyCount "138"]
[TimeControl "720+1"]

1. e4 e5 2. Nc3 Nf6 3. g3 Bc5 4. Nge2 Ng4 5. d4 exd4 6. Nxd4 Nxf2 7. Kxf2 Qf6+ 
8. Ke3 Nc6 9. Ncb5 O-O 10. c3 d5 11. Bg2 a6 12. Nxc7 dxe4 13. Bxe4 Bf5 
14. Bxf5 Qxf5 15. Rf1 Qe5+ 16. Kf3 Qxc7 17. Bf4 Qc8 18. Kg2 Bxd4 19. cxd4 Qf5 
20. d5 Rad8 21. Bd6 Qe4+ 22. Qf3 Qxf3+ 23. Rxf3 Rxd6 24. dxc6 Rxc6 25. Rd1 Rc7 
26. Rfd3 h5 27. Kf3 Rc2 28. R1d2 Rfc8 29. h4 Kf8 30. Rd8+ Rxd8 31. Rxc2 Rd3+ 
32. Kf4 g6 33. Rc7 Rd4+ 34. Kf3 Rb4 35. b3 Kg7 36. Kf2 Kf6 37. Kg2 Ke6 
38. Kh3 a5 39. Kg2 b6 40. Rb7 f6 41. Rb8 Ke5 42. Kf3 Kf5 43. Rb7 g5 
44. hxg5 fxg5 45. Rf7+ Kg6 46. Rb7 h4 47. gxh4 gxh4 48. Re7 Kf5 49. Rh7 Rf4+ 
50. Kg2 Ke5 51. Rh6 Rb4 52. Kf3 b5 53. Rh5+ Kf6 54. Kg2 a4 55. bxa4 bxa4 
56. Kf3 Rd4 57. Kg2 Kg6 58. Ra5 Rd2+ 59. Kh3 Rxa2 60. Rg5+ Kf6 61. Ra5 Kg6 
62. Rg5+ Kf6 63. Ra5 Ra1 64. Kxh4 Ra2 65. Kg3 a3 66. Kf3 Ra1 67. Kg2 Ke6 
68. Rh5 Kd7 69. Rh3 Ra2+ 1/2-1/2

[Event "Sunday 22 April Rapid Engine Tour 12+1 Rounds 9 Starts 1600ST"]
[Site "Infinity Chess"]
[Date "2018.4.22"]
[Round "9"]
[White "Time_bandit"]
[Black "Susanne"]
[Result "1/2-1/2"]
[ECO "B32"]
[WhiteElo "2471"]
[BlackElo "2527"]
[WhiteEngine "asmFishW_2018-04-11_bmi2"]
[BlackEngine "asmFishW_IX_bmi2_CTG"]
[EventType "Swiss"]
[WhiteTeam ""]
[BlackTeam ""]
[PlyCount "122"]
[TimeControl "720+1"]

1. e4 c5 2. Nf3 Nc6 3. d4 cxd4 4. Nxd4 e5 5. Nb5 d6 6. N1c3 a6 7. Na3 b5 
8. Nd5 Nf6 9. Bg5 Be7 10. Bxf6 Bxf6 11. c3 Rb8 12. Nc2 Bg5 13. a4 bxa4 
14. Ncb4 Nxb4 15. Nxb4 Bd7 16. Bxa6 Qa5 17. Qxd6 Rb6 18. Qd3 Be6 19. Bc4 Rxb4 
20. Bxe6 Rd4 21. Qf3 O-O 22. Bd5 Bd2+ 23. Ke2 Qa6+ 24. c4 Bb4 25. Rhd1 Rxd1 
26. Rxd1 Bc5 27. g3 Qb6 28. Rd2 g6 29. Kf1 Qb4 30. Qd1 Kg7 31. Kg2 Rb8 
32. Bc6 Qxc4 33. Qxa4 Qxa4 34. Bxa4 Rb4 35. b3 Rxe4 36. Rd5 Bd4 37. Bb5 Re1 
38. Rd7 Ra1 39. Bc4 Ra7 40. Rxa7 Bxa7 41. b4 f6 42. Be6 f5 43. f3 Be3 44. h3 h6 
45. Bd5 h5 46. Ba2 Kf6 47. Bd5 Bd4 48. h4 g5 49. hxg5+ Kxg5 50. Kh3 Bf2 
51. Kg2 Be3 52. b5 Ba7 53. f4+ exf4 54. Kf3 fxg3 55. Kxg3 h4+ 56. Kh3 Be3 
57. b6 Bxb6 58. Bg2 f4 59. Be4 Bc5 60. Bb1 f3 61. Be4 f2 1/2-1/2

[Event "Sunday 22 April Rapid Engine Tour 12+1 Rounds 9 Starts 1600ST"]
[Site "Infinity Chess"]
[Date "2018.4.22"]
[Round "8"]
[White "MedusaV3"]
[Black "hafaba"]
[Result "1/2-1/2 "]
[ECO "D00"]
[WhiteElo "2402"]
[BlackElo "2440"]
[WhiteEngine "Eman 1.70-beta23 64-bit BMI2_CTG"]
[BlackEngine "Eman 1.70-beta21 64-bit POPCNT_CTG"]
[EventType "Swiss"]
[WhiteTeam ""]
[BlackTeam ""]
[PlyCount "122"]
[TimeControl "720+1"]

1. d4 d5 2. e3 Nf6 3. c4 e6 4. Nf3 c6 5. Nbd2 c5 6. cxd5 exd5 7. b3 Nc6 
8. Bb2 cxd4 9. Nxd4 Bd6 10. Nxc6 bxc6 11. Qc2 O-O 12. Bd3 Bd7 13. O-O Re8 
14. Rfe1 Rc8 15. h3 h6 16. Rad1 Bc7 17. e4 Bb6 18. Qc3 Qc7 19. e5 d4 
20. Qc1 Rxe5 21. Rxe5 Qxe5 22. Nc4 Qg5 23. Qxg5 hxg5 24. Nxb6 axb6 25. Bxd4 c5 
26. Be5 Be6 27. Bb5 Nd5 28. Bc4 Nf4 29. Bxf4 gxf4 30. Bxe6 fxe6 31. Rd6 b5 
32. Rxe6 c4 33. bxc4 bxc4 34. Kf1 Kf7 35. Re2 Kf6 36. Ke1 Ra8 37. Re4 g5 
38. Rxc4 Rxa2 39. Rc6+ Kf5 40. Rc5+ Kg6 41. Kf1 Ra3 42. Rc6+ Kh5 43. f3 Ra1+ 
44. Kf2 Ra2+ 45. Kg1 Rb2 46. Kh2 Rb1 47. Rc5 Kg6 48. Rc6+ Kf5 49. Ra6 Rb2 
50. Ra5+ Kg6 51. Rd5 Ra2 52. Rd3 Kf6 53. Rd6+ Ke5 54. Rb6 Re2 55. Rb5+ Kf6 
56. Rb6+ Ke5 57. Rb4 Kf5 58. Rb5+ Kf6 59. Rb1 Kf5 60. Rg1 Ke6 61. Kh1 Ke5 
1/2-1/2

[Event "Sunday 22 April Rapid Engine Tour 12+1 Rounds 9 Starts 1600ST"]
[Site "Infinity Chess"]
[Date "2018.4.22"]
[Round "8"]
[White "Dovahkiin"]
[Black "Thinker"]
[Result "1/2-1/2"]
[ECO "C50"]
[WhiteElo "2368"]
[BlackElo "2452"]
[WhiteEngine "BrainFish_180418_x64_modern_CTG"]
[BlackEngine "stockfish_18041820_x64_modern_CTG"]
[EventType "Swiss"]
[WhiteTeam ""]
[BlackTeam ""]
[PlyCount "138"]
[TimeControl "720+1"]

1. e4 e5 2. Nf3 Nc6 3. Bc4 Bc5 4. O-O Nf6 5. d3 d6 6. c3 O-O 7. Re1 a5 8. Bb3 h6 
9. h3 Bd7 10. a4 Re8 11. Na3 Be6 12. Nc4 Qd7 13. Be3 Bxe3 14. Rxe3 Re7 
15. Qc2 b6 16. Rc1 Rd8 17. Rce1 Qe8 18. R3e2 Nh5 19. Ne3 Nf4 20. Rd2 Qd7 
21. Bd5 Rde8 22. Nh4 g6 23. Bxe6 Qxe6 24. Nf3 Kg7 25. b3 Qd7 26. Qd1 d5 
27. exd5 Nxd5 28. Nxd5 Qxd5 29. Rde2 e4 30. dxe4 Qxd1 31. Rxd1 Rxe4 
32. Rxe4 Rxe4 33. Kf1 Kf6 34. Nd2 Re6 35. Nc4 Ke7 36. Ne3 Rd6 37. Nd5+ Kd7 
38. Ke2 Ne7 39. Nf6+ Kc6 40. Rxd6+ Kxd6 41. Kd3 Ke6 42. Ne4 f5 43. Nd2 Nd5 
44. g3 Kd6 45. Nc4+ Ke6 46. Nd2 Kd6 47. h4 Kc5 48. Nf3 Nf6 49. Ne5 Ne4 
50. f3 Nxg3 51. Nxg6 Kd6 52. b4 Ke6 53. Nf4+ Ke5 54. Ng2 f4 55. Kc4 Nf5 
56. bxa5 Nd6+ 57. Kb3 bxa5 58. Ne1 c6 59. Nd3+ Kf5 60. c4 Nf7 61. Kc3 Ne5 
62. Nxe5 Kxe5 63. Kd3 c5 64. Kc3 h5 65. Kd3 Kf5 66. Kc3 Kg6 67. Kd3 Kf5 
68. Kc3 Kg6 69. Kd3 Kf5 1/2-1/2

[Event "Sunday 22 April Rapid Engine Tour 12+1 Rounds 9 Starts 1600ST"]
[Site "Infinity Chess"]
[Date "2018.4.22"]
[Round "8"]
[White "angriff"]
[Black "Seliga"]
[Result "1/2-1/2"]
[ECO "C50"]
[WhiteElo "2391"]
[BlackElo "2455"]
[WhiteEngine "DracoREX 3.07 64BIT POPCNT_CTG"]
[BlackEngine "AsmFish A12_CTG"]
[EventType "Swiss"]
[WhiteTeam ""]
[BlackTeam ""]
[PlyCount "127"]
[TimeControl "720+1"]

1. e4 e5 2. Nf3 Nc6 3. Bc4 Bc5 4. d3 Nf6 5. O-O a5 6. c3 d6 7. Nbd2 O-O 
8. Re1 Ba7 9. h3 Ne7 10. Bb3 Ng6 11. Nf1 c6 12. d4 exd4 13. Nxd4 Re8 14. Ng3 h6 
15. Be3 Nh4 16. Nf3 Bxe3 17. Rxe3 Nxf3+ 18. Rxf3 a4 19. Bxa4 Nxe4 20. Bb3 d5 
21. Nxe4 Rxe4 22. c4 Be6 23. cxd5 Bxd5 24. Bxd5 cxd5 25. Rf5 Ra5 26. Qf3 Qe8 
27. Rd1 Rxa2 28. Rfxd5 Kh7 29. Rb5 Ra7 30. Rdd5 Re6 31. Kh2 b6 32. Qd3+ g6 
33. f4 Qc6 34. Rb4 Ra5 35. Rd7 Rf6 36. Rd8 Rc5 37. Re4 Rc2 38. Qd4 Rd2 
39. Qxd2 Qxe4 40. Kg3 h5 41. Rd4 Qe7 42. Kf3 g5 43. Kg3 Qc7 44. h4 gxh4+ 
45. Kxh4 Qc8 46. Qe2 Qc1 47. Kg3 Re6 48. Re4 h4+ 49. Kh2 Kg7 50. Rxe6 Qxf4+ 
51. Kh1 fxe6 52. Qxe6 Qf1+ 53. Kh2 Qf4+ 54. Kg1 Kh7 55. Qd7+ Kh6 56. Qe6+ Kg5 
57. b3 b5 58. Qe7+ Kh6 59. Qc5 Kh7 60. Qf2 Qxf2+ 61. Kxf2 Kg6 62. Ke2 b4 
63. Ke3 Kg5 64. Ke2 1/2-1/2

[Event "Sunday 22 April Rapid Engine Tour 12+1 Rounds 9 Starts 1600ST"]
[Site "Infinity Chess"]
[Date "2018.4.22"]
[Round "8"]
[White "Marsell"]
[Black "ocirema"]
[Result "1/2-1/2"]
[ECO "C53"]
[WhiteElo "2475"]
[BlackElo "2420"]
[WhiteEngine "BrainFish_180418_x64_bmi2"]
[BlackEngine "stockfish_18041820_x64_modern_CTG"]
[EventType "Swiss"]
[WhiteTeam ""]
[BlackTeam ""]
[PlyCount "55"]
[TimeControl "720+1"]

1. e4 e5 2. Nf3 Nc6 3. Bc4 Bc5 4. c3 Nf6 5. d3 d6 6. O-O a5 7. Bg5 h6 8. Bh4 g5 
9. Bg3 O-O 10. a4 Kg7 11. Nbd2 Ba7 12. Re1 Ng8 13. Nf1 h5 14. h3 Nh6 15. d4 g4 
16. Bh4 f6 17. Ng3 Qe8 18. Nh2 Kh8 19. Rc1 Qg6 20. Bd5 gxh3 21. Qxh5 Ne7 
22. Bb3 Qg7 23. gxh3 Ng6 24. Kh1 Nf4 25. Qf3 Ng6 26. Qh5 Nf4 27. Qf3 Ng6 28. Qh5 
1/2-1/2

[Event "Sunday 22 April Rapid Engine Tour 12+1 Rounds 9 Starts 1600ST"]
[Site "Infinity Chess"]
[Date "2018.4.22"]
[Round "8"]
[White "IronMan"]
[Black "Katzenmaier"]
[Result "1/2-1/2"]
[ECO "A81"]
[WhiteElo "2443"]
[BlackElo "2508"]
[WhiteEngine "Eman 170b23-EXP3"]
[BlackEngine "Raubfisch ME262_GTZ17a."]
[EventType "Swiss"]
[WhiteTeam ""]
[BlackTeam ""]
[PlyCount "109"]
[TimeControl "720+1"]

1. d4 f5 2. g3 Nf6 3. Bg2 e6 4. c4 Be7 5. Nf3 O-O 6. O-O Ne4 7. Qc2 Nc6 
8. Nc3 Nxc3 9. Qxc3 a5 10. Be3 Bf6 11. Qd2 d6 12. d5 Ne5 13. Nxe5 dxe5 
14. Rfd1 e4 15. Rac1 Re8 16. b3 Be7 17. Qb2 Bf6 18. Bd4 Bxd4 19. Rxd4 Qf6 
20. Qc3 Bd7 21. e3 h6 22. f3 c5 23. dxc6 Bxc6 24. fxe4 fxe4 25. Qc2 Rf8 
26. a3 Qe5 27. Re1 Rad8 28. Qd2 Ra8 29. Qc2 Rad8 30. Qd2 Ra8 31. Qb2 b5 
32. cxb5 Qxb5 33. Bxe4 Bxe4 34. Rxe4 Rf5 35. a4 Qb7 36. Rf4 Rc5 37. b4 axb4 
38. Rxb4 Qc6 39. Rb7 e5 40. Qb3+ Kh7 41. Qf7 Rg8 42. Qf5+ Kh8 43. Rb2 Qxa4 
44. Rf2 Qc4 45. e4 Re8 46. Ref1 Rc6 47. Qd7 Rg8 48. Rf8 Qxe4 49. Qe8 Qd4+ 
50. Kg2 Qd5+ 51. Kg1 Qc5+ 52. Kh1 Qd5+ 53. Kg1 Qc5+ 54. Kg2 Qd5+ 55. Kg1 1/2-1/2

[Event "Sunday 22 April Rapid Engine Tour 12+1 Rounds 9 Starts 1600ST"]
[Site "Infinity Chess"]
[Date "2018.4.22"]
[Round "8"]
[White "MarioDeMonti"]
[Black "Gilgamesch"]
[Result "1/2-1/2"]
[ECO "C50"]
[WhiteElo "2472"]
[BlackElo "2483"]
[WhiteEngine "stockfish_x64_bmi2_2018_02_18_CTG"]
[BlackEngine "BrainFish_180408_x64_bmi2"]
[EventType "Swiss"]
[WhiteTeam ""]
[BlackTeam ""]
[PlyCount "82"]
[TimeControl "720+1"]

1. e4 e5 2. Nf3 Nc6 3. Bc4 Bc5 4. O-O Nf6 5. d3 d6 6. c3 O-O 7. Bg5 a5 8. a4 h6 
9. Bh4 g5 10. Bg3 Kg7 11. Nbd2 Ba7 12. Nb3 Ne7 13. Re1 Nh5 14. d4 Nxg3 
15. hxg3 Ng6 16. Nh2 c6 17. Nf1 f5 18. exf5 Bxf5 19. Ne3 Bd7 20. Bd3 Be6 
21. Qc2 Qf6 22. Nxa5 exd4 23. cxd4 Ne7 24. Nxb7 Bc8 25. Qe2 Bxd4 26. a5 d5 
27. Rac1 Rb8 28. a6 h5 29. g4 hxg4 30. Nxg4 Bxg4 31. Qxe7+ Rf7 32. Qxf6+ Rxf6 
33. Rc2 Rbf8 34. Re7+ Kg8 35. b4 Rxf2 36. Rxf2 Bxf2+ 37. Kh2 Rf6 38. Re8+ Kg7 
39. Re7+ Kg8 40. Re8+ Kg7 41. Re7+ Kg8 1/2-1/2

[Event "Sunday 22 April Rapid Engine Tour 12+1 Rounds 9 Starts 1600ST"]
[Site "Infinity Chess"]
[Date "2018.4.22"]
[Round "8"]
[White "Time_bandit"]
[Black "star99"]
[Result "1/2-1/2"]
[ECO "C65"]
[WhiteElo "2470"]
[BlackElo "2499"]
[WhiteEngine "asmFishW_2018-04-11_bmi2"]
[BlackEngine "Cryptic Heroes 9.4B"]
[EventType "Swiss"]
[WhiteTeam ""]
[BlackTeam ""]
[PlyCount "116"]
[TimeControl "720+1"]

1. e4 e5 2. Nf3 Nc6 3. Bb5 Nf6 4. O-O Nxe4 5. d4 Nd6 6. Bxc6 dxc6 7. dxe5 Nf5 
8. Qxd8+ Kxd8 9. Nc3 Bd7 10. Rd1 Ke8 11. h3 Rd8 12. Bf4 Be7 13. b3 Nh4 
14. Nxh4 Bxh4 15. Ne4 Be7 16. g4 c5 17. Re1 Be6 18. Ng3 g6 19. Bh6 Bd5 
20. Ne4 Bxe4 21. Rxe4 Rg8 22. Be3 Kd7 23. f4 Ke6 24. Kg2 a5 25. Rf1 h5 
26. Bc1 b6 27. a4 c6 28. Kf3 b5 29. Ke3 hxg4 30. hxg4 c4 31. f5+ gxf5 
32. gxf5+ Kd7 33. Rd4+ Kc8 34. Rxd8+ Bxd8 35. axb5 cxb3 36. cxb3 cxb5 
37. Ke4 Rg4+ 38. Kd5 Rg3 39. e6 fxe6+ 40. fxe6 Rxb3 41. Rf8 Kb7 42. Bf4 Rd3+ 
43. Ke4 Rd1 44. Rf7+ Kb6 45. e7 Bxe7 46. Rxe7 Re1+ 47. Be3+ Kc6 48. Rf7 b4 
49. Rf6+ Kb5 50. Kd3 Ka4 51. Rb6 Kb3 52. Rb7 a4 53. Bd4 a3 54. Bc5 Rd1+ 
55. Ke2 a2 56. Rxb4+ Kc3 57. Ra4 a1=Q 58. Bd4+ Rxd4 1/2-1/2

[Event "Sunday 22 April Rapid Engine Tour 12+1 Rounds 9 Starts 1600ST"]
[Site "Infinity Chess"]
[Date "2018.4.22"]
[Round "8"]
[White "Susanne"]
[Black "SkyPilot"]
[Result "1/2-1/2"]
[ECO "C53"]
[WhiteElo "2529"]
[BlackElo "2469"]
[WhiteEngine "asmFishW_IX_bmi2_CTG"]
[BlackEngine "stockfish_x64_bmi2_2018_04_07_CTG"]
[EventType "Swiss"]
[WhiteTeam ""]
[BlackTeam ""]
[PlyCount "77"]
[TimeControl "720+1"]

1. e4 e5 2. Nf3 Nc6 3. Bc4 Bc5 4. c3 Nf6 5. d3 d6 6. O-O O-O 7. Nbd2 a5 
8. Re1 Ba7 9. h3 Be6 10. b3 h6 11. Nf1 Bb6 12. Ne3 Ba7 13. a4 Bxe3 14. Bxe3 Bxc4 
15. bxc4 b6 16. Nh2 Ne7 17. Ng4 Ng6 18. Kh2 Qe7 19. Nxf6+ Qxf6 20. Qg4 Rae8 
21. g3 Kh7 22. Ra2 Qe6 23. Qxe6 Rxe6 24. Kg2 f5 25. exf5 Rxf5 26. d4 Nf8 
27. Rb1 Nd7 28. Rb5 Re8 29. Rc2 Rf7 30. h4 Kg6 31. Rd2 Rf5 32. c5 exd4 
33. cxd4 dxc5 34. dxc5 Nxc5 35. Bxc5 Rxc5 36. Rxc5 bxc5 37. Rd5 Re4 38. h5+ Kf6 
39. Rxc5 1/2-1/2

[Event "Sunday 22 April Rapid Engine Tour 12+1 Rounds 9 Starts 1600ST"]
[Site "Infinity Chess"]
[Date "2018.4.22"]
[Round "7"]
[White "hafaba"]
[Black "Dovahkiin"]
[Result "1/2-1/2"]
[ECO "C50"]
[WhiteElo "2443"]
[BlackElo "2365"]
[WhiteEngine "Eman 1.70-beta21 64-bit POPCNT_CTG"]
[BlackEngine "BrainFish_180418_x64_modern_CTG"]
[EventType "Swiss"]
[WhiteTeam ""]
[BlackTeam ""]
[PlyCount "60"]
[TimeControl "720+1"]

1. e4 e5 2. Nf3 Nc6 3. Bc4 Bc5 4. O-O Nf6 5. d3 d6 6. c3 O-O 7. Nbd2 a5 8. h3 h6 
9. Re1 Be6 10. a4 Bxc4 11. Nxc4 Re8 12. Be3 Bxe3 13. Nxe3 b6 14. Qb3 Qc8 
15. Nd2 Qd7 16. Qb5 Rad8 17. Nf3 d5 18. exd5 Nxd5 19. Nxd5 Qxd5 20. d4 f6 
21. Re3 Qxb5 22. axb5 Na7 23. b4 Nxb5 24. bxa5 exd4 25. Nxd4 Rxe3 26. fxe3 Nxc3 
27. Ra3 Nb1 28. Ra1 Nc3 29. Ra3 Nb1 30. Ra1 Nc3 1/2-1/2

[Event "Sunday 22 April Rapid Engine Tour 12+1 Rounds 9 Starts 1600ST"]
[Site "Infinity Chess"]
[Date "2018.4.22"]
[Round "7"]
[White "MedusaV3"]
[Black "IronMan"]
[Result "1/2-1/2"]
[ECO "E10"]
[WhiteElo "2400"]
[BlackElo "2445"]
[WhiteEngine "Eman 1.70-beta23 64-bit BMI2_CTG"]
[BlackEngine "Eman 170b23-EXP3"]
[EventType "Swiss"]
[WhiteTeam ""]
[BlackTeam ""]
[PlyCount "113"]
[TimeControl "720+1"]

1. d4 Nf6 2. c4 e6 3. Nf3 d5 4. g3 Be7 5. Bg2 O-O 6. O-O dxc4 7. Qc2 a6 
8. a4 Bd7 9. Qxc4 Bc6 10. Bg5 Bd5 11. Qd3 c5 12. dxc5 Nbd7 13. Nc3 Nxc5 
14. Qe3 Rc8 15. Rfd1 h6 16. Bxf6 Bxf6 17. Nxd5 exd5 18. Ne5 Re8 19. Rxd5 Qb6 
20. Rb1 Nxa4 21. Qe4 g6 22. Qxa4 Rxe5 23. Rxe5 Bxe5 24. b3 Bd4 25. Rf1 Rc7 
26. e3 Bf6 27. Bf3 Qe6 28. Rd1 Kg7 29. Qa5 Qe7 30. Rd3 Rc1+ 31. Kg2 Rc2 
32. h4 h5 33. Qb6 Bc3 34. Kf1 Rc1+ 35. Kg2 Be1 36. Qd4+ Qf6 37. Qxf6+ Kxf6 
38. Bxb7 Rc2 39. Bxa6 Rxf2+ 40. Kh3 Kg7 41. Rd1 Bd2 42. Rf1 Rxf1 43. Bxf1 Bxe3 
44. Bc4 Bd2 45. Kg2 Be1 46. Bb5 f5 47. Kf3 Bd2 48. Ke2 Bb4 49. Bd3 Kf6 
50. Kf3 Ke5 51. Bc4 Bc3 52. Bf7 Kf6 53. Bc4 Be1 54. Bb5 Bc3 55. Bd3 Ke5 
56. Bc4 Bb4 57. Bb5 1/2-1/2

[Event "Sunday 22 April Rapid Engine Tour 12+1 Rounds 9 Starts 1600ST"]
[Site "Infinity Chess"]
[Date "2018.4.22"]
[Round "7"]
[White "Thinker"]
[Black "angriff"]
[Result "1/2-1/2 "]
[ECO "C55"]
[WhiteElo "2455"]
[BlackElo "2388"]
[WhiteEngine "stockfish_18041820_x64_modern_CTG"]
[BlackEngine "DracoREX 3.07 64BIT POPCNT_CTG"]
[EventType "Swiss"]
[WhiteTeam ""]
[BlackTeam ""]
[PlyCount "262"]
[TimeControl "720+1"]

1. e4 e5 2. Nf3 Nc6 3. Bc4 Nf6 4. d3 Bc5 5. c3 d6 6. O-O a5 7. Re1 O-O 8. h3 h6 
9. a4 Ba7 10. Nbd2 Be6 11. Bxe6 fxe6 12. Nf1 d5 13. Qc2 Qe7 14. Qb3 Qd6 
15. Be3 d4 16. Bd2 Bb6 17. N1h2 Rad8 18. Rad1 Kh7 19. Qb5 dxc3 20. Bxc3 Nd7 
21. Re2 Rf7 22. Bd2 Rdf8 23. Be3 Nd4 24. Bxd4 exd4 25. Qh5 g6 26. Qh4 Qe7 
27. Qxe7 Rxe7 28. Rc2 g5 29. Nf1 c5 30. N1d2 Bd8 31. e5 Kg6 32. Nc4 b6 
33. Re2 Nb8 34. Nfd2 Nc6 35. Ne4 Rh7 36. f3 Nb4 37. Rf2 h5 38. Kf1 Nd5 
39. Ke2 Rg8 40. Ra1 Kf7 41. b3 Ke8 42. Re1 Bc7 43. Ref1 Kd7 44. Kd2 Kc6 
45. Kc2 Rhg7 46. Rh1 Rf8 47. Re2 Rff7 48. Kd2 Nf4 49. Rf2 Nd5 50. Rff1 Rf8 
51. Rf2 Rh8 52. Re2 Rf8 53. Kc2 Bd8 54. Rd2 Be7 55. Re2 Nb4+ 56. Kd2 Nd5 
57. Rf2 Kc7 58. Kd1 Kd7 59. Re2 Kc7 60. Kd2 Rgg8 61. Rf2 Kb7 62. Ke1 Kc6 
63. Kd2 Nf4 64. Re1 Nd5 65. Rff1 Kc7 66. Kc2 Rh8 67. Kd2 Bd8 68. Rb1 Rf5 
69. Ng3 Rf4 70. Rh1 Be7 71. Ne4 Kc6 72. Rbe1 Rff8 73. Kc2 Nb4+ 74. Kd2 Nd5 
75. Ref1 Rh7 76. Rf2 Rg7 77. Kc1 Nb4 78. Kd2 Rgg8 79. Re2 Rg6 80. Nf6 Rh8 
81. Ne4 Kb7 82. Ree1 Kc6 83. Ref1 Rf8 84. Ng3 Rh6 85. Ne4 Rg8 86. Nf2 Rgh8 
87. Kd1 Rf8 88. Kd2 Rh7 89. Ne4 Nd5 90. Rd1 h4 91. Kc2 Rg7 92. Ra1 Kc7 
93. Kd2 Nf4 94. Rhg1 Bd8 95. Ned6 Nd5 96. Rh1 Nf4 97. Rhg1 Kd7 98. Rae1 Nd5 
99. Kc2 Kc6 100. Rd1 Nc3 101. Rde1 Nd5 102. Ne4 Rgg8 103. Kc1 Kd7 104. Kc2 Be7 
105. Rgf1 Rb8 106. Rg1 Kc6 107. Rd1 Nb4+ 108. Kb1 Rgf8 109. Kc1 Rf5 
110. Kd2 Rff8 111. Ra1 Nd5 112. Kc2 Rg8 113. Rgf1 Nb4+ 114. Kd2 Nd5 
115. Rae1 Bf8 116. Nf6 Rg6 117. Ng4 Be7 118. Nf2 Rgg8 119. Ne4 Ra8 120. Kc2 Kc7 
121. Rg1 Rgf8 122. Ra1 Nb4+ 123. Kd2 Nd5 124. Rae1 Kb7 125. Kc2 Kc6 
126. Rgf1 Nf4 127. Rg1 Nd5 128. Ref1 Rg8 129. Rh1 Nb4+ 130. Kd2 Nd5 
131. Re1 Rgb8 1/2-1/2